TOP OF THE 1ST |
Panama City Piranhas batting - Pitching for Vancouver Grey Wolves : RHP Pedro Valdéz
|
Pitching: RHP Pedro Valdéz
|
|
Batting: RHB Juan Jose Ayala
|
0-0: Foul Ball, location: 2F 0-1: Foul Ball, location: 2F 0-2: Ball 1-2: Ground out U3 (Groundball, 34)
|
Batting: RHB Baldomero Avino
|
0-0: Ball 1-0: Foul Ball, location: 2F 1-1: Foul Ball, location: 2F 1-2: Ball 2-2: Foul Ball, location: 2F 2-2: Fly out, F8 (Flyball, 8LD)
|
Batting: RHB Armando Alvarado
|
0-0: Ball 1-0: Ball 2-0: Ball 3-0: Called Strike 3-1: Ground out 5-3 (Groundball, 5S)
|
Top of the 1st over - 0 runs, 0 hits, 0 errors, 0 left on base; Panama City 0 - Vancouver 0 |
BOTTOM OF THE 1ST |
Vancouver Grey Wolves batting - Pitching for Panama City Piranhas : LHP Wayne Craig
|
Pitching: LHP Wayne Craig
|
|
Batting: RHB José Jarca
|
0-0: Ball 1-0: Called Strike 1-1: SINGLE (Groundball, 56) (infield hit)
|
Batting: LHB David Smith
|
0-0: Called Strike 0-1: Grounds out, U3 (Groundball, 3L)
|
Batting: RHB Hank Scorpio
|
0-0: Called Strike 0-1: Ball 1-1: Called Strike 1-2: Ground out 1-3 (Groundball, 15S)
|
Batting: RHB Hugh Mungus
|
0-0: Called Strike 0-1: Called Strike 0-2: Ball 1-2: Fly out, F4 (Popup, 13)
|
Bottom of the 1st over - 0 runs, 1 hit, 0 errors, 1 left on base; Panama City 0 - Vancouver 0 |
TOP OF THE 2ND |
Panama City Piranhas batting - Pitching for Vancouver Grey Wolves : RHP Pedro Valdéz
|
Batting: RHB Cale Sutton
|
0-0: Ball 1-0: Fly out, F8 (Flyball, 8LM)
|
Batting: RHB Andy Putman
|
0-0: Ground out 5-3 (Groundball, 56)
|
Batting: LHB Sergio Muńóz
|
0-0: SINGLE (Groundball, 4MD)
|
Batting: LHB Jack Sutherland
|
0-0: Foul Ball, location: 2F 0-1: SINGLE (Groundball, 4MD) Sergio Muńóz to second Runner from 2nd tries for 3rd, SAFE, throw made to third
|
Batting: RHB Fernando Silva
|
0-0: Called Strike 0-1: Ground out 4-3 (Groundball, 34)
|
Top of the 2nd over - 0 runs, 2 hits, 0 errors, 2 left on base; Panama City 0 - Vancouver 0 |
BOTTOM OF THE 2ND |
Vancouver Grey Wolves batting - Pitching for Panama City Piranhas : LHP Wayne Craig
|
Batting: LHB Preston Witt
|
0-0: Swinging Strike 0-1: Ball 1-1: Foul Ball, location: 2F 1-2: Foul Ball, location: 2F 1-2: Ball 2-2: Ball 3-2: Strikes out swinging
|
Batting: RHB Wilson Vega
|
0-0: Fly out, F8 (Flyball, 8RS)
|
Batting: LHB Michael Malloy
|
0-0: SINGLE (Groundball, 34S) (infield hit)
|
Batting: RHB Gilberto Rodríguez
|
0-0: Ball 1-0: Foul Ball, location: 2F 1-1: Foul Ball, location: 2F 1-2: Ball 2-2: Fielders Choice at 2nd, 5-4 (Groundball, 56)
|
Bottom of the 2nd over - 0 runs, 1 hit, 0 errors, 1 left on base; Panama City 0 - Vancouver 0 |
TOP OF THE 3RD |
Panama City Piranhas batting - Pitching for Vancouver Grey Wolves : RHP Pedro Valdéz
|
Batting: LHB António Ramos
|
0-0: Ball 1-0: Foul Ball, location: 2F 1-1: Ball 2-1: Ball 3-1: Foul Ball, location: 2F 3-2: Base on Balls
|
Batting: RHB Juan Jose Ayala
|
0-0: Ball 1-0: Ball 2-0: Swinging Strike 2-1: Swinging Strike 2-2: Foul Ball, location: 2F 2-2: Ball 3-2: Fly out, F9 (Flyball, 89M)
|
Batting: RHB Baldomero Avino
|
0-0: Called Strike 0-1: Ball 1-1: Ball 2-1: Foul Ball, location: 2F 2-2: 2-RUN HOME RUN (Flyball, 7D), Distance : 348 ft
|
Batting: RHB Armando Alvarado
|
0-0: Called Strike 0-1: Foul Ball, location: 2F 0-2: Ball 1-2: Foul Ball, location: 2F 1-2: Ball 2-2: Foul Ball, location: 2F 2-2: Ball 3-2: Base on Balls
|
Batting: RHB Cale Sutton
|
0-0: Ball 1-0: Reached on error, E1 (Groundball, 15S) Armando Alvarado to second
|
Batting: RHB Andy Putman
|
0-0: Ball 1-0: Ball 2-0: Ball 3-0: Called Strike 3-1: SINGLE (Groundball, 56D) Armando Alvarado to third Cale Sutton to second Runner from 3rd tries for Home, throw and OUT!
|
Batting: LHB Sergio Muńóz
|
0-0: Ball 1-0: Ball 2-0: Called Strike 2-1: Swinging Strike 2-2: Ball 3-2: SINGLE (Flyball, 9LS) Cale Sutton to third Andy Putman to second Cale Sutton scores Andy Putman to third
|
Batting: LHB Jack Sutherland
|
0-0: Ball 1-0: Ball 2-0: SINGLE (Line Drive, 78S) Andy Putman scores Sergio Muńóz to second
|
Batting: RHB Fernando Silva
|
0-0: Called Strike 0-1: Ball 1-1: Ball 2-1: Fly out, F7 (Flyball, 78S)
|
Top of the 3rd over - 4 runs, 4 hits, 1 error, 2 left on base; Panama City 4 - Vancouver 0 |
BOTTOM OF THE 3RD |
Vancouver Grey Wolves batting - Pitching for Panama City Piranhas : LHP Wayne Craig
|
Batting: RHB Rodney Hanna
|
0-0: Ball 1-0: Swinging Strike 1-1: Foul Ball, location: 2F 1-2: Ground out 6-3 (Groundball, 6)
|
Batting: RHB José Jarca
|
0-0: SINGLE (Groundball, 6D)
|
Batting: LHB David Smith
|
0-0: Ball 1-0: Called Strike 1-1: Ball 2-1: Foul Ball, location: 2F 2-2: Ball 3-2: 2-RUN HOME RUN (Flyball, 9D), Distance : 336 ft
|
Batting: RHB Hank Scorpio
|
0-0: Ball 1-0: Ground out 1-3 (Groundball, P)
|
Batting: RHB Hugh Mungus
|
0-0: DOUBLE (Line Drive, 78D)
|
Batting: LHB Preston Witt
|
0-0: Ball 1-0: Foul Ball, location: 2F 1-1: SINGLE (Flyball, 89S) Hugh Mungus to third Runner from 3rd tries for Home, SAFE, no throw
|
Batting: RHB Wilson Vega
|
0-0: Ground out 6-3 (Groundball, 6S)
|
Bottom of the 3rd over - 3 runs, 4 hits, 0 errors, 1 left on base; Panama City 4 - Vancouver 3 |
TOP OF THE 4TH |
Panama City Piranhas batting - Pitching for Vancouver Grey Wolves : RHP Pedro Valdéz
|
Batting: LHB António Ramos
|
0-0: Ball 1-0: Fly out, F8 (Line Drive, 8LXD)
|
Batting: RHB Juan Jose Ayala
|
0-0: Foul Ball, location: 2F 0-1: Ground out 1-3 (Groundball, P)
|
Batting: RHB Baldomero Avino
|
0-0: Ball 1-0: Called Strike 1-1: Ball 2-1: Called Strike 2-2: Fly out, F6 (Popup, 6D)
|
Top of the 4th over - 0 runs, 0 hits, 0 errors, 0 left on base; Panama City 4 - Vancouver 3 |
BOTTOM OF THE 4TH |
Vancouver Grey Wolves batting - Pitching for Panama City Piranhas : LHP Wayne Craig
|
Batting: LHB Michael Malloy
|
0-0: Ball 1-0: Called Strike 1-1: Ball 2-1: Foul Ball, location: 2F 2-2: Ball 3-2: SINGLE (Groundball, 4MD)
|
Batting: RHB Gilberto Rodríguez
|
0-0: Called Strike Michael Malloy steals 2nd base 0-1: Foul Ball, location: 2F 0-2: Strikes out looking
|
Batting: RHB Rodney Hanna
|
0-0: Foul Ball, location: 2F 0-1: SINGLE (Groundball, 6MD) Michael Malloy to third Runner from 3rd tries for Home, SAFE, no throw
|
Batting: RHB José Jarca
|
0-0: Ball 1-0: Called Strike 1-1: Ball 2-1: Ball 3-1: Ground out 6-3 (Groundball, 6S) Rodney Hanna to second
|
Batting: LHB David Smith
|
0-0: Ball 1-0: Ball 2-0: Fly out, F6 (Popup, 4M)
|
Bottom of the 4th over - 1 run, 2 hits, 0 errors, 1 left on base; Panama City 4 - Vancouver 4 |
TOP OF THE 5TH |
Panama City Piranhas batting - Pitching for Vancouver Grey Wolves : RHP Pedro Valdéz
|
Batting: RHB Armando Alvarado
|
0-0: Ball 1-0: Called Strike 1-1: Called Strike 1-2: Foul Ball, location: 2F 1-2: Ball 2-2: Ground out 4-3 (Groundball, 4D)
|
Batting: RHB Cale Sutton
|
0-0: Hit by Pitch
|
Pinch Runner at 1st Bill Tan:
|
|
Batting: RHB Andy Putman
|
0-0: Ball 1-0: Ball 2-0: Called Strike 2-1: Swinging Strike 2-2: Ball Bill Tan steals 2nd base 3-2: Strikes out swinging
|
Pitching: RHP Nelle Liefting
|
|
Batting: LHB Sergio Muńóz
|
0-0: Ball 1-0: Called Strike 1-1: Swinging Strike 1-2: Foul Ball, location: 2F 1-2: Ball 2-2: Fly out, F8 (Flyball, 8RM)
|
Top of the 5th over - 0 runs, 0 hits, 0 errors, 1 left on base; Panama City 4 - Vancouver 4 |
BOTTOM OF THE 5TH |
Vancouver Grey Wolves batting - Pitching for Panama City Piranhas : LHP Wayne Craig
|
Now in LF: Bill Tan
|
|
Batting: RHB Hank Scorpio
|
0-0: Ball 1-0: Foul Ball, location: 2F 1-1: Ground out 5-3 (Groundball, 56)
|
Batting: RHB Hugh Mungus
|
0-0: Ball 1-0: SOLO HOME RUN (Flyball, 7LD), Distance : 334 ft
|
Batting: LHB Preston Witt
|
0-0: Called Strike 0-1: Ball 1-1: Fly out, F3 (Line Drive, 3)
|
Batting: RHB Wilson Vega
|
0-0: SINGLE (Groundball, 56D)
|
Batting: LHB Michael Malloy
|
0-0: Foul Ball, location: 2F 0-1: Ball 1-1: Foul Ball, location: 2F 1-2: Ground out 4-3 (Groundball, 4)
|
Bottom of the 5th over - 1 run, 2 hits, 0 errors, 1 left on base; Panama City 4 - Vancouver 5 |
TOP OF THE 6TH |
Panama City Piranhas batting - Pitching for Vancouver Grey Wolves : RHP Nelle Liefting
|
Batting: LHB Jack Sutherland
|
0-0: Hit by Pitch
|
Batting: RHB Fernando Silva
|
0-0: Foul Ball, location: 2F 0-1: Foul Ball, location: 2F 0-2: Ground out 5-3 (Groundball, 56S) Jack Sutherland to second
|
Batting: LHB António Ramos
|
0-0: Ball 1-0: Ball 2-0: Ball 3-0: Ground out 1-3 (Groundball, 13) Jack Sutherland to third
|
Batting: RHB Juan Jose Ayala
|
0-0: Called Strike 0-1: Ball 1-1: Ball 2-1: Foul Ball, location: 2F 2-2: Fly out, F4 (Popup, 34)
|
Top of the 6th over - 0 runs, 0 hits, 0 errors, 1 left on base; Panama City 4 - Vancouver 5 |
BOTTOM OF THE 6TH |
Vancouver Grey Wolves batting - Pitching for Panama City Piranhas : LHP Wayne Craig
|
Batting: RHB Gilberto Rodríguez
|
0-0: Called Strike 0-1: SINGLE (Groundball, 56D)
|
Batting: RHB Rodney Hanna
|
0-0: Called Strike 0-1: Ball 1-1: Called Strike 1-2: Ball 2-2: Foul Ball, location: 2F 2-2: Strikes out swinging
|
Batting: RHB José Jarca
|
0-0: Swinging Strike 0-1: Ball 1-1: Ball 2-1: 2-RUN HOME RUN (Flyball, 78XD), Distance : 377 ft
|
Pitching: RHP Edgardo Marín
|
|
Batting: LHB David Smith
|
0-0: Called Strike 0-1: Ground out 6-3 (Groundball, 4M)
|
Batting: RHB Hank Scorpio
|
0-0: Called Strike 0-1: Called Strike 0-2: Ball 1-2: Ball 2-2: Ball 3-2: Foul Ball, location: 2F 3-2: Foul Ball, location: 2F 3-2: Foul Ball, location: 2F 3-2: Strikes out swinging, 2-3 out at first.
|
Bottom of the 6th over - 2 runs, 2 hits, 0 errors, 0 left on base; Panama City 4 - Vancouver 7 |
TOP OF THE 7TH |
Panama City Piranhas batting - Pitching for Vancouver Grey Wolves : RHP Nelle Liefting
|
Batting: RHB Baldomero Avino
|
0-0: Ball 1-0: Ball 2-0: Swinging Strike 2-1: Fly out, F8 (Flyball, 78M)
|
Batting: RHB Armando Alvarado
|
0-0: Foul Ball, location: 2F 0-1: Ball 1-1: Ball 2-1: Ball 3-1: Base on Balls
|
Batting: RHB Bill Tan
|
0-0: Ball 1-0: Ball 2-0: Called Strike 2-1: Ball Armando Alvarado steals 2nd base 3-1: Base on Balls
|
Batting: RHB Andy Putman
|
0-0: Called Strike 0-1: Called Strike Armando Alvarado steals 3rd base Bill Tan to second 0-2: Fly out, F8 (Flyball, 8LM) Runner from 3rd tags up, OUT at HOME
|
Top of the 7th over - 0 runs, 0 hits, 0 errors, 1 left on base; Panama City 4 - Vancouver 7 |
BOTTOM OF THE 7TH |
Vancouver Grey Wolves batting - Pitching for Panama City Piranhas : RHP Edgardo Marín
|
Batting: RHB Hugh Mungus
|
0-0: Ball 1-0: SINGLE (Line Drive, 7LM)
|
Batting: LHB Preston Witt
|
0-0: Ball 1-0: Ball 2-0: Called Strike 2-1: DOUBLE (Line Drive, 9LD) Hugh Mungus to third
|
Batting: RHB Wilson Vega
|
0-0: Ball 1-0: Called Strike 1-1: Foul Ball, location: 2F 1-2: Foul Ball, location: 2F 1-2: 3-RUN HOME RUN (Flyball, 9LD), Distance : 331 ft
|
Batting: LHB Michael Malloy
|
0-0: Ball 1-0: Ball 2-0: Ground out 3-1 (Groundball, 34)
|
Batting: RHB Gilberto Rodríguez
|
0-0: Ball 1-0: Foul Ball, location: 2F 1-1: Swinging Strike 1-2: Ball 2-2: Fly out, F8 (Flyball, 8LM)
|
Batting: RHB Rodney Hanna
|
0-0: Called Strike 0-1: Ball 1-1: Swinging Strike 1-2: Strikes out swinging, 2-3 out at first.
|
Bottom of the 7th over - 3 runs, 3 hits, 0 errors, 0 left on base; Panama City 4 - Vancouver 10 |
TOP OF THE 8TH |
Panama City Piranhas batting - Pitching for Vancouver Grey Wolves : RHP Nelle Liefting
|
Pitching: RHP Tate Beason
|
|
Batting: LHB Sergio Muńóz
|
0-0: Ball 1-0: Called Strike 1-1: Ball 2-1: Ground out 5-3 (Groundball, 56)
|
Batting: LHB Jack Sutherland
|
0-0: Ball 1-0: Ball 2-0: Ball 3-0: Base on Balls
|
Batting: RHB Fernando Silva
|
0-0: Ball 1-0: Ball 2-0: Ball 3-0: Called Strike 3-1: Swinging Strike 3-2: Strikes out swinging
|
Batting: LHB António Ramos
|
0-0: Ball 1-0: Called Strike 1-1: Called Strike 1-2: Strikes out swinging
|
Top of the 8th over - 0 runs, 0 hits, 0 errors, 1 left on base; Panama City 4 - Vancouver 10 |
BOTTOM OF THE 8TH |
Vancouver Grey Wolves batting - Pitching for Panama City Piranhas : RHP Edgardo Marín
|
Batting: RHB José Jarca
|
0-0: Ball 1-0: Ball 2-0: Ball 3-0: Base on Balls
|
Batting: LHB David Smith
|
0-0: Grounds into double play, 4-6-3 (Groundball, 34)
|
Batting: RHB Hank Scorpio
|
0-0: Ball 1-0: Foul Ball, location: 2F 1-1: Ground out 5-3 (Groundball, 56)
|
Bottom of the 8th over - 0 runs, 0 hits, 0 errors, 0 left on base; Panama City 4 - Vancouver 10 |
TOP OF THE 9TH |
Panama City Piranhas batting - Pitching for Vancouver Grey Wolves : RHP Tate Beason
|
Batting: RHB Juan Jose Ayala
|
0-0: SINGLE (Line Drive, 5)
|
Batting: RHB Baldomero Avino
|
0-0: Ball 1-0: Ball 2-0: Ball 3-0: Base on Balls Juan Jose Ayala to second
|
Batting: RHB Armando Alvarado
|
0-0: Ball 1-0: Called Strike 1-1: Ball 2-1: Called Strike 2-2: Ball 3-2: SINGLE (Line Drive, 4D) Juan Jose Ayala to third Baldomero Avino to second
|
Batting: RHB Bill Tan
|
0-0: Foul Ball, location: 2F 0-1: Called Strike 0-2: Ball 1-2: Ball 2-2: Strikes out swinging
|
Batting: RHB Andy Putman
|
0-0: Ball 1-0: Swinging Strike 1-1: Called Strike 1-2: Strikes out swinging
|
Pitching: LHP Felipe Machado
|
|
Batting: LHB Sergio Muńóz
|
0-0: Ball 1-0: Called Strike 1-1: Called Strike 1-2: Ball 2-2: Strikes out swinging
|
Top of the 9th over - 0 runs, 2 hits, 0 errors, 3 left on base; Panama City 4 - Vancouver 10 |
|